 Dungeon Crawl Stone Soup version 0.27-a0-216-g1fbed8a51c (webtiles) character file.

Game seed: 5476778112869440847

422 jasper the Ducker (level 6, -4/32 HPs)
             Began as a Spriggan Fighter on Jan 31, 2021.
             Slain by a phantom (10 damage)
             ... on level 5 of the Dungeon.
             The game lasted 00:04:59 (4091 turns).

jasper the Ducker (Spriggan Fighter)                Turns: 4091, Time: 00:04:59

Health: -4/32      AC:  2    Str: 12    XL:     6   Next: 63%
Magic:  7/7        EV: 25    Int: 11    God:
Gold:   164        SH:  7    Dex: 16    Spells: 5/5 levels left

rFire    . . .     SeeInvis +     - Unarmed
rCold    + . .     Faith    .   b - +0 buckler
rNeg     . . .     Spirit   .   a - +0 robe
rPois    .         Reflect  .   (helmet restricted)
rElec    .         Harm     .   (no cloak)
rCorr    .         Rampage  .   (gloves unavailable)
Will     +....                  (boots unavailable)
Stlth    +.........             (no amulet)
HPRegen  0.10/turn              o - ring of protection from cold
MPRegen  0.10/turn              r - +4 ring of evasion

@: very quick
A: very small, unfitting armour, see invisible, speed 3
a: no special abilities


You were on level 5 of the Dungeon.
You visited 1 branch of the dungeon, and saw 5 of its levels.

You collected 164 gold pieces.

Inventory:

Missiles
 k - 40 stones
 l - 9 poisoned darts (quivered)
Armour
 a - a +0 robe (worn)
 b - a +0 buckler (worn)
Jewellery
 o - a ring of protection from cold (left hand)
 r - a +4 ring of evasion (right hand)
Wands
 n - a wand of random effects (11)
 u - a wand of mindburst (11)
Scrolls
 c - 4 scrolls of teleportation {unknown}
 g - a scroll of enchant weapon {unknown}
 h - 3 scrolls of identify {unknown}
 j - 2 scrolls of remove curse {unknown}
 q - 3 scrolls of magic mapping {unknown}
 s - 2 scrolls of amnesia {unknown}
 t - a scroll of blinking {unknown}
Potions
 d - a potion of resistance {unknown}
 e - a potion of berserk rage
 f - 3 potions of mutation {unknown}
 i - a potion of degeneration {unknown}
 m - a potion of haste {unknown}
 p - a potion of lignification {unknown}
 v - 2 potions of curing {unknown}
 w - a potion of heal wounds {unknown}


   Skills:
 + Level 3.5 Fighting
 + Level 6.2 Dodging
 + Level 3.2 Shields
 * Level 3.9 Unarmed Combat


You had 5 spell levels left.
You didn't know any spells.
Your spell library was empty.

Dungeon Overview and Level Annotations

Branches:
Dungeon (5/15)
 Temple: D:4-7

Altars:
Wu Jian

Annotations:
D:3 Grinder
D:4 3 runed translucent doors, hatsuma's ghost, novice DgWn


Innate Abilities, Weirdness & Mutations

You are very small and have problems with some larger weapons.
You are too small for most types of armour.
You have supernaturally acute eyesight. (SInv)
You cover ground extremely quickly.


Message History

The phantom is severely damaged.
The phantom blinks!
The phantom blinks!
The phantom hits you.
You take 5 damage, and have 15/32 hp.
You miss the phantom.
The phantom is severely damaged.
The phantom hits you!
* * * LOW HITPOINT WARNING * * *
You take 9 damage, and have 6/32 hp.
MASSIVE DAMAGE!!
You hit the phantom.
The phantom is almost destroyed.
The phantom blinks!
You hit the phantom but do no damage.
The phantom is almost destroyed.
The phantom blinks!
You barely miss the phantom.
The phantom is severely damaged.
The phantom hits you!
You die...

#....# #####.####...#
....# #.....# ##..#
#.....# #..#
#.....######.#
#####..........#..
#..............#..
#######.#####'#......#..
..............#.########
##############@#######.#
..............W.§......#
##....######.###########
#..§ #.# #.. #.. #. ####
.. #


You could see a phantom.

Vanquished Creatures
  Eustachio (D:4)
  A hound (D:4)
  2 iguanas
  2 worker ants
  A worker ant zombie (D:5)
  A howler monkey skeleton (D:5)
  3 gnolls
  2 adders
  A white imp (D:5)
  An ooze (D:4)
  4 dart slugs
  3 leopard geckos
  5 orcs
  2 ball pythons
  3 giant cockroaches
  3 hobgoblins
  6 jackals (D:1)
  2 quokkas (D:5)
  A ball python skeleton (D:4)
  8 bats
  A frilled lizard (D:2)
  A giant cockroach zombie (D:5)
  5 goblins (D:1)
  A jackal skeleton (D:4)
  10 kobolds
  6 rats
76 creatures vanquished.

Notes
Turn   | Place    | Note
-------+----------+-------------------------------------------
     0 | D:1      | jasper the Spriggan Fighter began the quest for the Orb.
     0 | D:1      | Reached XP level 1. HP: 11/11 MP: 2/2
    36 | D:1      | Reached XP level 2. HP: 16/16 MP: 3/3
   461 | D:1      | Reached XP level 3. HP: 17/19 MP: 4/4
  1543 | D:2      | Reached skill level 5 in Dodging
  1543 | D:2      | Reached XP level 4. HP: 12/23 MP: 5/5
  2351 | D:3      | Noticed Grinder
  2368 | D:4      | Noticed Eustachio
  2380 | D:4      | Killed Eustachio
  2381 | D:4      | Reached XP level 5. HP: 28/28 MP: 6/6
  2385 | D:4      | Reached XP level 6. HP: 32/32 MP: 7/7
  2446 | D:4      | Found a runed translucent gate.
  2446 | D:4      | Found a runed translucent gate.
  2446 | D:4      | Found a runed translucent gate.
  2595 | D:4      | Noticed hatsuma's ghost (novice DgWn)
  2596 | D:4      | Noticed an ice beast
  2861 | D:4      | Reached skill level 6 in Dodging
  3335 | D:4      | Noticed an ice beast
  3389 | D:5      | Entered Level 5 of the Dungeon
  3610 | D:5      | Found an ornate altar of the Wu Jian Council.
  4091 | D:5      | Slain by a phantom

Illustrated notes

Levels and vault maps discovered:
D:1:      saegor_arrival_simple_e, layout_basic
D:2:      layout_rooms
D:3:      layout_rooms, uniq_grinder
D:4:      layout_loops_ring, gammafunk_ghost_icy, small_statue_intersection,
          minivault_25, grunt_decor_fettered, minmay_small_thing, uniq_eustachio
D:5:      layout_basic, lemuel_doored_altar

Skill      XL: |  1  2  3  4  5  6 |
---------------+-------------------+-----
Unarmed Combat | 2 3 |  3.9
Dodging        | 5 6 |  6.2
Fighting       | 3 |  3.5
Shields        | 3 |  3.2

Action                   |  1- 3 |  4- 6 || total
-------------------------+-------+-------++-------
Melee: Unarmed           |   172 |   170 ||   342
Throw: Stone             |       |     4 ||     4
       Dart              |       |    14 ||    14
  Use: Potion            |     1 |     1 ||     2
 Stab: Sleeping          |     2 |     2 ||     4
Armor: Robe              |     9 |     4 ||    13
Dodge: Dodged            |   111 |   102 ||   213
Block: Buckler           |    34 |    45 ||    79

Table legend: (Time is in decaauts)
 A = Elapsed time spent in this place.
 B = Non-inter-level travel time spent in this place.
 C = Inter-level travel time spent in this place.
 D = Time resting spent in this place.
 E = Time spent auto-exploring this place.
 F = Levels seen in this place.
 G = Mean time per level.
                   A        B        C        D        E       F      G
               +--------+--------+--------+--------+--------+-----+--------+
         Total |   3372 |   3333 |     39 |   1103 |   1580 |   5 |  674.4 |
       Dungeon |   3372 |   3333 |     39 |   1103 |   1580 |   5 |  674.4 |
               +--------+--------+--------+--------+--------+-----+--------+

Top non-repeatable levels by time:
     D:1: 1164 daAuts
     D:4: 766 daAuts
     D:3: 601 daAuts
     D:5: 551 daAuts
     D:2: 289 daAuts
